Map: Dusk Towers

Players

Pokebunny - Winner!

  • Race: Terran Terran
  • League: Grandmaster

JonSnow

  • Race: Zerg Zerg
  • League: Grandmaster

VOD

Have the link to the VOD?

Description

Time

  • Played on: April 6, 2016, 9:09 p.m.
  • Length: 11:21
Show
View Real Time Build Order
Export as new Build Order

Pokebunny Terran - Winner!

Build Orders: Reaper Expand, Bio Tank 

Get SALT Encoding   

  12  0:00  SCV  
  13  0:13  SCV  
  14  0:17  Supply Depot  
  14  0:25  SCV  
  15  0:39  SCV  
  15  0:41  Barracks  
  16  0:45  Refinery  
  16  0:51  SCV  
  17  1:03  SCV  
  18  1:15  SCV  
  19  1:28  Orbital Command  
  19  1:29  Reaper  
  20  1:40  Command Center  
  20  1:52  Supply Depot  
  20  1:53  SCV  
  21  2:01  Reaper  
  22  2:06  SCV  
  23  2:21  Command Center  
  23  2:23  SCV  
  24  2:38  SCV  
  24  2:40  Barracks Reactor  
  24  2:41  Refinery  
  25  2:45  Barracks  
  25  2:52  Barracks, SCV  
  26  2:59  Orbital Command  
  26  3:04  SCV  
  27  3:16  Marine x2, SCV  
  30  3:23  Factory  
  30  3:26  SCV  
  31  3:28  SCV  
  31  3:47  Barracks Tech Lab, Orbital Command, Marine x2  
  33  3:49  Barracks Reactor  
  33  3:52  SCV x2  
  34  3:58  Engineering Bay  
  34  4:01  Engineering Bay  
  34  4:02  Refinery  
  34  4:05  Stimpack  
  34  4:10  Starport  
  34  4:12  Factory Reactor  
  34  4:14  SCV  
  34  4:16  SCV  
  36  4:17  SCV  
  36  4:20  Marine  
  36  4:21  Marine  
  36  4:23  Marine  
  40  4:27  Marine x2  
  42  4:32  Terran Infantry Weapons Level 1  
  42  4:33  Terran Infantry Armor Level 1  
  43  4:38  SCV x3  
  43  4:42  Supply Depot  
  43  4:43  Marine  
  43  4:44  Marine  
  47  4:46  Marine  
  47  4:47  Marine  
  49  4:53  Marine  
  49  4:54  Medivac  
  49  4:55  Medivac  
  54  5:00  Refinery  
  54  5:01  Factory Tech Lab  
  54  5:03  Marine x2  
  54  5:04  Marine  
  57  5:08  Marine  
  57  5:10  SCV  
  57  5:11  Marine, SCV  
  61  5:21  Siege Tank  
  64  5:22  Marine  
  64  5:23  Marine x2  
  64  5:26  Marine  
  64  5:27  Supply Depot  
  68  5:30  Supply Depot  
  68  5:31  SCV  
  69  5:37  Orbital Command  
  69  5:45  Armory, Supply Depot  
  69  5:48  SCV x2  
  71  5:50  Marine x3  
  71  5:51  Marine x2  
  76  5:57  Supply Depot  
  76  6:03  SCV x2  
  76  6:04  SCV  
  79  6:13  Combat Shields  
  79  6:18  Marine x2  
  79  6:19  Marine x3  
  79  6:20  SCV x3  
  79  6:23  Siege Tank  
  90  6:27  Supply Depot  
  90  6:33  Terran Infantry Weapons Level 2, Terran Infantry Armor Level 2  
  85  6:43  Marine x3  
  85  6:45  SCV x3  
  85  6:46  Marine  
  90  6:47  Marine  
  90  6:51  Barracks  
  90  6:53  Barracks  
  92  6:55  Barracks  
  92  6:57  SCV x3  
  92  7:00  Supply Depot  
  95  7:04  Marine x3  
  95  7:05  Marine  
  99  7:09  Marauder  
  99  7:11  Siege Tank  
  95  7:23  SCV x2  
  95  7:24  SCV  
  95  7:25  Marine  
  95  7:26  Refinery, Marine x3  
  102  7:30  Supply Depot x2  
  102  7:31  Marauder  
  104  7:39  Barracks  
  104  7:40  Barracks Reactor x2  
  104  7:42  Barracks Reactor  
  104  7:43  SCV x3  
  104  7:44  Barracks  
  107  7:46  Barracks Tech Lab  
  107  7:47  Siege Tank  
  107  7:49  Supply Depot  
  107  7:50  Terran Vehicle Weapons Level 1  
  110  7:52  Medivac x2  
  114  8:00  SCV x3  
  114  8:05  Marine x3  
  117  8:06  Marine, Marauder x2  
  125  8:16  Marine  
  126  8:20  Marine x3  
  126  8:23  Marine x4  
  126  8:25  Supply Depot  
  126  8:26  Supply Depot  
  133  8:27  Marauder x2  
  124  8:37  Marine x2  
  124  8:38  Marine x2  
  124  8:39  Siege Tank, Medivac x2  
  128  8:42  Marine  
  128  8:43  Marine x2  
  128  8:44  Barracks Reactor, Barracks Tech Lab  
  133  8:48  Marauder  
  133  8:49  Marauder  
  133  8:54  Marine  
  133  8:55  Marine x3  
  136  9:02  Marine x3  
  142  9:03  Marine, Marauder  
  146  9:10  Marauder x2  
  146  9:15  Marine  
  146  9:16  Marine x3  
  146  9:17  Siege Tank  
  146  9:18  Medivac x2  
  146  9:20  Marine  
  156  9:24  Marauder  
  156  9:29  Marine  
  156  9:30  Marine x4  
  157  9:40  Supply Depot  
  157  9:41  Supply Depot, Marine  
  157  9:49  Marine  
  157  9:50  Marauder  
  157  9:51  Marauder  
  156  9:57  Marine x3  
  157  10:01  Concussive Shells, Marine x2, Medivac x2  
  157  10:02  Siege Tank  
  157  10:03  Marine, Marauder  
  167  10:11  Marine x3, Marauder  
  167  10:12  Marauder  
  160  10:18  Marine x4  
  160  10:19  Marine x2  
  160  10:21  Marine  
  140  10:25  Marauder  
  135  10:29  Marine x2  
  135  10:32  Marauder  
  139  10:36  Siege Tank, Medivac  
  139  10:39  Command Center  
  142  10:45  Medivac  
  136  10:52  Marine x7, Marauder  
  136  10:53  Marine  
Show
View Real Time Build Order
Export as new Build Order

JonSnow Zerg 

Build Orders: Hatch First 

Get SALT Encoding   

  12  0:00  Drone  
  13  0:12  Overlord  
  13  0:17  Drone  
  14  0:31  Drone x2  
  16  0:35  Drone  
  17  0:52  Hatchery  
  17  0:56  Drone  
  17  1:00  Drone  
  18  1:04  Extractor  
  17  1:16  Spawning Pool  
  17  1:17  Drone  
  17  1:24  Overlord  
  17  1:29  Drone  
  18  1:39  Drone  
  19  2:03  Zergling x4, Queen  
  19  2:05  Zergling x2, Queen  
  26  2:10  Metabolic Boost  
  26  2:15  Drone  
  27  2:30  Drone  
  27  2:35  Drone  
  27  2:36  Drone x2  
  31  2:39  Queen  
  31  2:42  Queen  
  35  2:48  Overlord  
  35  2:55  Drone  
  36  3:05  Overlord  
  36  3:17  Drone x6  
  36  3:18  Drone x2  
  44  3:24  Zergling x6  
  46  3:37  Hatchery  
  44  3:49  Drone x7  
  44  3:51  Overlord  
  44  3:53  Extractor  
  44  3:54  Extractor  
  49  3:58  Drone x2  
  51  4:03  Lair  
  51  4:06  Overlord  
  51  4:10  Roach Warren  
  51  4:16  Drone x3  
  53  4:19  Extractor  
  52  4:28  Drone x3  
  52  4:29  Drone x2  
  52  4:30  Drone x2  
  59  4:39  Overlord  
  59  4:42  Drone  
  60  4:49  Drone  
  60  4:51  Drone x2  
  63  5:01  Drone  
  63  5:02  Drone x6  
  63  5:05  Evolution Chamber  
  63  5:06  Overlord, Evolution Chamber  
  68  5:10  Glial Reconstitution  
  68  5:11  Overlord  
  68  5:14  Overlord  
  68  5:15  Drone  
  69  5:22  Spore Crawler  
  69  5:24  Overlord x3  
  68  5:29  Roach x2  
  68  5:32  Zerg Missile Weapons Level 1  
  68  5:33  Zerg Ground Armor Level 1  
  72  5:38  Roach x3  
  72  5:41  Roach  
  80  5:46  Roach x2  
  80  5:47  Roach  
  86  5:52  Roach  
  86  5:53  Roach x2  
  86  5:54  Drone x2  
  86  5:55  Drone x2  
  96  5:59  Drone  
  96  6:00  Drone  
  96  6:02  Ravager x4  
  96  6:03  Extractor x2  
  101  6:04  Drone  
  101  6:10  Drone  
  102  6:17  Roach  
  102  6:18  Roach  
  105  6:19  Drone  
  105  6:20  Drone x2  
  105  6:22  Drone  
  109  6:25  Infestation Pit  
  109  6:28  Drone x3  
  109  6:29  Roach  
  109  6:30  Overlord  
  109  6:31  Overlord x3  
  102  6:42  Roach x3  
  105  6:48  Overlord  
  105  6:50  Roach x5  
  105  6:51  Roach  
  117  6:57  Overlord  
  117  7:09  Ravager  
  117  7:12  Hive  
  117  7:13  Infestor x3  
  116  7:16  Zergling x10  
  121  7:25  Zergling x2  
  121  7:26  Zergling x16, Zerg Melee Weapons Level 1  
  132  7:33  Hatchery  
  132  7:34  Zerg Ground Armor Level 2  
  129  7:40  Overlord  
  129  7:42  Drone  
  130  7:47  Baneling Nest  
  130  7:50  Zergling x14  
  136  7:53  Ravager  
  136  7:54  Ravager x3  
  140  7:59  Overlord  
  140  8:01  Zergling x2  
  140  8:02  Zergling x14  
  147  8:13  Drone x2  
  147  8:14  Drone  
  150  8:22  Overlord x2  
  150  8:26  Adrenal Glands  
  150  8:31  Ultralisk Cavern, Extractor  
  128  8:35  Zergling x2, Extractor  
  128  8:36  Zergling x18  
  128  8:39  Hatchery  
  128  8:43  Zergling x2  
  129  8:50  Zergling x12  
  133  9:07  Drone x4  
  133  9:08  Drone x2, Queen  
  131  9:17  Chitinous Plating  
  131  9:19  Ultralisk x3  
  148  9:30  Ultralisk  
  148  9:38  Ultralisk  
  148  9:52  Zergling x12  
  150  9:57  Zergling x4  
  150  9:58  Zergling x4  
  154  10:03  Zergling x2  
  154  10:04  Zergling x6  
  153  10:12  Zergling x6  
  146  10:18  Zergling x12  
  118  10:29  Zergling x2  
  118  10:30  Zergling x8  
  118  10:35  Zergling x4  
  124  10:41  Ultralisk  
  127  10:45  Zergling x6  
  118  10:52  Zergling x4  
  124  11:03  Zergling x4  
Tags
 
Add a new tag
Caveats
  • Supply blocks, unpowered buildings, or Contaminate may cause inaccurate times.
  • Supply counts are checked every 10 seconds.